 Dungeon Crawl Stone Soup version 0.26-a0-52-gd53d4cd058 (webtiles) character file.

Game seed: 7078264443128131213

7576 vurker the Zephyrmancer (level 10, 0/76 HPs)
             Began as a Vampire Air Elementalist on June 6, 2020.
             Was a Follower of Vehumet.
             Slain by a gnoll sergeant
             ... wielding a +1 spear of venom
              (3 damage)
             ... on level 9 of the Dungeon.
             The game lasted 00:17:51 (13724 turns).

vurker the Zephyrmancer (Vampire Air Elementalist) Turns: 13724, Time: 00:17:51

Health: 0/76       AC:  5    Str:  7    XL:     10   Next: 97%
Magic:  11/23      EV: 14    Int: 21    God:    Vehumet [*.....]
Gold:   675        SH:  0    Dex: 15    Spells: 17/27 levels left

rFire    . . .     SeeInvis +   q - +2 quarterstaff (chaos)
rCold    . . .     Gourm    .   (shield currently unavailable)
rNeg     . . .     Faith    .   a - +0 robe
rPois    +         Spirit   .   v - +1 helmet
rElec    .         Reflect  .   p - +0 cloak
rCorr    .         Harm     .   (no gloves)
MR       ++...                  (no boots)
Stlth    ++........             (no amulet)
HPRegen  0.42/turn              j - ring of protection from magic
MPRegen  0.18/turn              w - ring of poison resistance

@: lethally poisoned (0 -> -1), very slightly contaminated, regenerating quickly
A: no food, fangs 3, see invisible, unbreathing
a: Exsanguinate, Renounce Religion


You were on level 9 of the Dungeon.
You worshipped Vehumet.
Vehumet was aware of your devotion.
You were alive.

You visited 2 branches of the dungeon, and saw 10 of its levels.
You also visited: Ossuary.

You collected 675 gold pieces.

Inventory:

Hand Weapons
 q - a +2 quarterstaff of chaos (weapon)
   (You took it off Crazy Yiuf on level 2 of the Dungeon)
 t - a +0 dagger of venom
   (You took it off an orc on level 4 of the Dungeon)
Armour
 a - a +0 robe (worn)
 p - a +0 cloak (worn)
   (You took it off Crazy Yiuf on level 2 of the Dungeon)
 v - a +1 helmet (worn)
   (You took it off Robin on level 3 of the Dungeon)
 H - a +0 buckler
   (You found it on level 7 of the Dungeon)
Jewellery
 j - a ring of protection from magic (left hand)
   (You found it on level 1 of the Dungeon)
 m - an uncursed ring of ice
   (You found it on level 5 of the Dungeon)
 w - a ring of poison resistance (right hand)
   (You took it off Robin on level 3 of the Dungeon)
Wands
 c - a wand of disintegration (10)
   (You found it on level 7 of the Dungeon)
 d - a wand of iceblast (14)
   (You found it on level 2 of the Dungeon)
 x - a wand of enslavement (6)
   (You took it off Ijyb on level 3 of the Dungeon)
Scrolls
 b - 5 scrolls of teleportation
 i - a scroll of enchant armour
 k - 4 scrolls of magic mapping {unknown}
 l - a scroll of immolation {unknown}
 n - 4 scrolls of remove curse
 r - 2 scrolls of enchant weapon {unknown}
 u - a scroll of blinking {unknown}
 y - 4 scrolls of noise {unknown}
 z - a scroll of fear {unknown}
 B - a scroll of silence {unknown}
 D - 3 scrolls of amnesia {unknown}
 F - a scroll of brand weapon {unknown}
Potions
 f - a potion of magic
 g - 4 potions of brilliance
 o - a potion of lignification
 s - 2 potions of haste
 A - 3 potions of curing
 C - 2 potions of cancellation
 E - 2 potions of flight
 I - a potion of heal wounds


   Skills:
 + Level 5.9 Fighting
 + Level 3.8 Dodging
 - Level 3.0 Stealth
 + Level 3.1 Shields
 * Level 9.0 Spellcasting
 + Level 4.7 Conjurations
 * Level 10.0 Air Magic


You had 17 spell levels left.
You knew the following spells:

 Your Spells              Type           Power        Failure   Level  Hunger
a - Shock                 Conj/Air       ####         1%          1    N/A
b - Lightning Bolt        Conj/Air       #####.....   10%         5    N/A
c - Airstrike             Air            ######....   1%          4    N/A

Your spell library contained the following spells:

 Spells                   Type           Power        Failure   Level  Hunger
 Magic Dart               Conj           ####         1%          1    N/A
 Swiftness                Chrm/Air       ####....     1%          2    N/A
 Static Discharge         Conj/Air       #####...     1%          3    N/A
 Beastly Appendage        Tmut           #.....       7%          1    N/A
 Corona                   Hex            #......      7%          1    N/A
 Slow                     Hex            #.......     11%         2    N/A
 Sticks to Snakes         Tmut           #.......     11%         2    N/A
 Inner Flame              Hex/Fire       #.......     22%         3    N/A
 Portal Projectile        Hex/Tloc       #.....       22%         3    N/A
 Spider Form              Tmut/Pois      #.........   22%         3    N/A
 Cause Fear               Hex            #.........   56%         4    N/A
 Ice Form                 Ice/Tmut       #.......     56%         4    N/A
 Leda's Liquefaction      Hex/Erth       #.........   56%         4    N/A
 Blade Hands              Tmut           #.........   89%         5    N/A

Dungeon Overview and Level Annotations

Branches:
Dungeon (9/15)             Temple (1/1) D:7             Orc (0/2) D:9
Ossuary (visited)
   Lair: D:8-11

Altars:
Ashenzari
Gozag
Hepliaklqana
Nemelex Xobeh
Okawaru
Ru
Sif Muna
Uskayaw
Vehumet
Xom
Yredelemnul
Zin
The Shining One

Shops:
D:4 (   D:8 (

Annotations:
D:5 2 transporters, cultivahabas's ghost, novice TrMo


Innate Abilities, Weirdness & Mutations

You do not eat.
Your natural rate of healing is unusually fast.
You have razor-sharp teeth.
You have supernaturally acute eyesight. (SInv)
You can survive without breathing.


Message History

The zap misses the big kobold.
The zap hits the ogre.
You kill the ogre!
Vehumet accepts your kill.
You feel your power returning.
The zap hits the ogre.
The zap hits the big kobold.
The big kobold barely misses you.
The zap hits the big kobold!
The zap hits the ogre.
The zap misses the gnoll sergeant.
The big kobold misses you.
The orc jeers loudly.
The zap hits the big kobold.
The zap hits the ogre!
You kill the ogre!
Vehumet accepts your kill.
The zap hits the gnoll sergeant but does no damage.
The zap hits the gnoll sergeant!
The big kobold hits you.
The zap hits the big kobold but does no damage.
The zap hits the big kobold!
The zap hits the gnoll sergeant.
The big kobold throws a stone.
The stone hits you.
The orc warrior hits you with a cursed -2 scimitar!!
The gnoll sergeant hits you but does no damage.
You see here a stone.
Aim: an orc warrior, wielding a -2 scimitar and wearing a +0 plate armour The zap hits the orc warrior.
The zap hits the gnoll sergeant!
The zap hits the big kobold!
You kill the big kobold!
Vehumet accepts your kill.
You feel your power returning.
The orc warrior hits you with a cursed -2 scimitar!
* * * LOW HITPOINT WARNING * * *
The gnoll sergeant hits you from afar with a +1 spear of venom.
* * * LOW HITPOINT WARNING * * *
You are poisoned.
You feel sick.
You feel sick.
You feel sick.
You feel sick.
Aim: an orc warrior, wielding a -2 scimitar and wearing a +0 plate armour (moderately wounded)
You miscast Lightning Bolt.
You are very lightly contaminated with residual magic.
Sparks of electricity dance around you!
* * * LOW HITPOINT WARNING * * *
You feel sick.
The orc warrior hits you with a cursed -2 scimitar!!
* * * LOW HITPOINT WARNING * * *
Aim: an orc warrior, wielding a -2 scimitar and wearing a +0 plate armour (lightly wounded)
You hear a mighty clap of thunder!
The bolt of lightning hits the orc warrior!
The bolt of lightning hits the gnoll sergeant!
The bolt of lightning hits the big kobold.
The bolt of lightning misses the gnoll sergeant.
The gnoll sergeant hits you from afar with a +1 spear of venom.
You die...

########### #.........# #..
#.#.#.....# #.#
#..#......#####!######
#.#.......##.##.##...
#.........#...#.##.##
####.##.##......#[..#
####<#...##...#.....#########
#....#........@ogK.g.K((....#
#.####.<.###.###....###K###....
#.# ##### #.# ##...#


Og)8 . #.# ##'## ##.##oTOgg# #.# ##...## ####OoKK.# #.## ##.....######..o.)#
#..## ##.......#...#8.g.8# ##...####..........######### ##.......'[...........
You could see an orc warrior, 2 big kobolds and 2 gnoll sergeants.

Vanquished Creatures
  2 two-headed ogres
  Maurice (D:8)
  Prince Ribbit (D:5)
  6 yaks (D:9)
  Edmund (D:5)
  3 orc warriors
  2 ice beasts
  5 sky beasts
  7 ogres
  2 phantoms
  3 centaurs
  A crocodile (D:9)
  A big kobold (D:9)
  An elf zombie (D:5)
  3 bullfrogs
  2 elf skeletons (D:5)
  A wyvern skeleton (D:8)
  5 scorpions
  3 wights (D:6)
  2 howler monkeys (D:7)
  2 bullfrog zombies
  5 crimson imps
  A quasit (D:8)
  A centaur zombie (D:6)
  3 hounds (D:6)
  3 jellies
  Crazy Yiuf (D:2)
  10 orc wizards
  4 orc priests
  3 iguanas
  4 centaur skeletons
  A human skeleton (D:5)
  A bullfrog skeleton (D:6)
  Natasha (thrice) (D:2)
  Ijyb (D:3)
  3 worker ants
  A hound zombie (D:5)
  A howler monkey zombie (D:9)
  8 mummies (Ossuary)
  Robin (D:3)
  A worker ant zombie (D:8)
  3 gnolls (D:3)
  18 adders
  2 howler monkey skeletons
  2 shadow imps
  2 oozes
  2 adder zombies
  An adder skeleton (D:7)
  2 worms
  3 dart slugs
  8 leopard geckos
  31 orcs
  8 bats
  7 giant cockroaches
  A gnoll zombie (Ossuary)
  16 goblins
  10 hobgoblins
  13 jackals
  4 kobolds
  2 quokkas
  A ball python (D:1)
  8 frilled lizards
  A hobgoblin zombie (Ossuary)
  A jackal skeleton (D:4)
  3 kobold zombies (Ossuary)
  A leopard gecko skeleton (D:5)
  2 orc skeletons (D:5)
  3 orc zombies (Ossuary)
  A quokka zombie (D:6)
  6 rats
272 creatures vanquished.

Notes
Turn   | Place    | Note
-------+----------+-------------------------------------------
     0 | D:1      | vurker the Vampire Air Elementalist began the quest for the
                  | Orb.
     0 | D:1      | Reached XP level 1. HP: 13/13 MP: 3/3
   316 | D:1      | Reached XP level 2. HP: 20/20 MP: 0/5
  1009 | D:1      | Reached XP level 3. HP: 21/25 MP: 0/6
  1281 | D:2      | Noticed an ogre
  1306 | D:1      | Killed an ogre
  1306 | D:1      | Reached skill level 1 in Fighting
  1306 | D:1      | Reached skill level 4 in Air Magic
  1306 | D:1      | Reached XP level 4. HP: 22/32 MP: 1/8
  1543 | D:2      | Reached XP level 5. HP: 21/37 MP: 0/10
  1672 | D:2      | Found a hazy altar of Hepliaklqana.
  1706 | D:2      | Noticed Natasha
  1711 | D:2      | Killed Natasha
  1721 | D:2      | Learned a level 5 spell: Lightning Bolt
  1726 | D:2      | Learned a level 4 spell: Airstrike
  1766 | D:2      | Found a runed translucent door.
  1767 | D:2      | Noticed Crazy Yiuf
  1995 | D:2      | Noticed Natasha
  2002 | D:2      | Killed Natasha
  2204 | D:2      | Reached skill level 1 in Conjurations
  2349 | D:2      | Noticed Natasha
  2353 | D:2      | Killed Natasha
  2353 | D:2      | Reached XP level 6. HP: 44/44 MP: 6/11
  2408 | D:2      | Noticed an ice beast
  2419 | D:2      | Killed an ice beast
  2419 | D:2      | Reached skill level 5 in Air Magic
  2621 | D:2      | Killed Crazy Yiuf
  2776 | D:3      | You fall into a shaft and drop 1 floor!
  2776 | D:4      | Found Lif Umaz's Weapon Emporium.
  3077 | D:4      | Reached XP level 7. HP: 41/51 MP: 1/13
  3272 | D:4      | Found an iron altar of Okawaru.
  3996 | D:3      | Noticed Ijyb
  3999 | D:3      | Noticed Robin
  4008 | D:3      | Killed Ijyb
  4181 | D:3      | Killed Robin
  4181 | D:3      | Reached skill level 5 in Spellcasting
  4737 | D:5      | Entered Level 5 of the Dungeon
  4741 | D:5      | Reached skill level 6 in Air Magic
  4945 | D:5      | Found a sand-covered staircase.
  4957 | D:5      | Reached XP level 8. HP: 22/58 MP: 1/16
  5050 | Ossuary  | Entered an ossuary
  5815 | D:5      | Noticed Edmund
  5823 | D:5      | Killed Edmund
  6099 | D:5      | Found a transporter.
  6101 | D:5      | Noticed cultivahabas's ghost (novice TrMo)
  6118 | D:5      | Found a transporter.
  6278 | D:5      | Noticed Prince Ribbit
  6404 | D:5      | Reached skill level 7 in Air Magic
  6858 | D:5      | Killed Prince Ribbit
  6983 | D:5      | Found a transporter.
  6987 | D:5      | Found a transporter.
  7319 | D:6      | Reached XP level 9. HP: 31/65 MP: 4/18
  7989 | D:6      | Found a basalt altar of Yredelemnul.
  8127 | D:6      | Reached skill level 8 in Air Magic
  9339 | D:7      | Found a hide-covered altar of Uskayaw.
  9956 | D:7      | Reached skill level 5 in Fighting
 10465 | D:7      | Found a staircase to the Ecumenical Temple.
 10623 | Temple   | Entered the Ecumenical Temple
 10668 | Temple   | Became a worshipper of Vehumet
 10771 | D:8      | Reached skill level 1 in Shields
 10876 | D:8      | Noticed a two-headed ogre
 10880 | D:8      | Killed a two-headed ogre
 10880 | D:8      | Reached skill level 9 in Air Magic
 10880 | D:8      | Reached XP level 10. HP: 74/74 MP: 4/22
 11034 | D:8      | Found a sacrificial altar of Ru.
 11083 | D:8      | Found Xinerch's Weapon Shop.
 11116 | D:8      | Noticed Maurice
 11121 | D:8      | Killed Maurice
 12006 | D:8      | Reached * piety under Vehumet
 12006 | D:8      | Offered knowledge of Magic Dart by Vehumet.
 13509 | D:9      | Noticed a two-headed ogre
 13513 | D:9      | Killed a two-headed ogre
 13513 | D:9      | Reached skill level 10 in Air Magic
 13702 | D:9      | Found a staircase to the Orcish Mines.
 13723 | D:9      | HP: 2/76 [orc warrior/cursed -2 scimitar (19)]
 13724 | D:9      | Slain by a gnoll sergeant

Illustrated notes

Levels and vault maps discovered:
D:1:      minmay_arrival_widening_spiral_wide, layout_loops_corners
D:2:      layout_loops_ring, lemuel_doored_altar, first_ration, st_stairs_4,
          uniq_natasha, uniq_crazy_yiuf_cottage
D:3:      layout_rooms, uniq_ijyb, uniq_robin
D:4:      layout_cave_pools, serial_shops, shop, okawaru_metal_pillars_1_2
D:5:      minmay_octagon_keep, layout_rooms, gammafunk_ghost_arena,
          nicolae_ossuary_entry_catacombs, dk_rats_in_the_wall, uniq_edmund,
          uniq_prince_ribbit1
D:6:      minmay_diamond_boxcup, layout_basic, yredelemnul_altar_generic
D:7:      layout_loops_ring, old_standard_altar, temple_green, grunt_ogre_cave
D:8:      layout_gridville, lemuel_round_altar, serial_shops, shop, uniq_maurice
D:9:      layout_loops_corners, kennysheep_orc_monster_closet_entryway
Temple:   hc_temple_tempest_star

Skill      XL: |  1  2  3  4  5  6  7  8  9 10 |
---------------+-------------------------------+-----
Fighting       | 1 2 3 4 5 |  5.9
Spellcasting   | 3 4 5 6 8 9 |  9.0
Air Magic      | 4 5 6 7 9 10 | 10.0
Conjurations   | 1 2 3 4 |  4.7
Shields        | 1 3 |  3.1
Dodging        | 3 |  3.8
Stealth        | |  3.0

Action                   |  1- 3 |  4- 6 |  7- 9 | 10-12 || total
-------------------------+-------+-------+-------+-------++-------
Melee: Unarmed           |     4 |       |       |       ||     4
       Dagger            |    10 |     1 |       |       ||    11
       Quarterstaff      |       |     3 |    47 |     9 ||    59
       Bite              |       |       |     6 |       ||     6
 Cast: Shock             |    39 |   126 |   298 |    49 ||   512
       Airstrike         |       |       |    81 |    75 ||   156
       Lightning Bolt    |       |       |       |     1 ||     1
Evoke: Wand              |       |       |     3 |       ||     3
  Use: Scroll            |       |       |    10 |     5 ||    15
 Stab: Petrified         |       |       |     3 |       ||     3
       Petrifying        |       |       |     1 |       ||     1
       Sleeping          |       |       |     1 |       ||     1
Armor: Robe              |    10 |     3 |    16 |     5 ||    34
Dodge: Dodged            |    18 |    23 |    75 |    20 ||   136

Table legend:
 A = Non-vault XP
 B = Vault XP
 C = Vault XP percentage of total XP
 D = Non-vault monster count
 E = Vault monster count
 F = Vault count percentage of total count
                 A         B        C        D         E       F
            +---------+---------+-------+---------+---------+-------
      Total |    7993 |    2830 |  26.1 |     206 |      66 |  24.3
            +---------+---------+-------+---------+---------+-------
        D:1 |     165 |       0 |   0.0 |      25 |       0 |   0.0
        D:2 |     334 |      95 |  22.1 |      20 |       6 |  23.1
        D:3 |     286 |      71 |  19.9 |      33 |      12 |  26.7
        D:4 |     184 |       0 |   0.0 |      21 |       0 |   0.0
        D:5 |     222 |    1143 |  83.7 |      11 |      18 |  62.1
        D:6 |    1003 |     312 |  23.7 |      20 |       7 |  25.9
        D:7 |     831 |     113 |  12.0 |      22 |       1 |   4.3
        D:8 |    2163 |     472 |  17.9 |      29 |       1 |   3.3
        D:9 |    2805 |     468 |  14.3 |      25 |       5 |  16.7
    Ossuary |       0 |     156 | 100.0 |       0 |      16 | 100.0
            +---------+---------+-------+---------+---------+-------
